 Dungeon Crawl Stone Soup version 0.24-a0-307-gf989941 (webtiles) character file.

Game seed: 2244293402830810783

116585 MatthieuS the Brawler (level 16, -13/158 HPs)
             Began as a Troll Fighter on May 11, 2019.
             Was a High Priest of Qazlal.
             Mangled by a tarantella (15 damage)
             ... on level 1 of the Spider Nest on May 12, 2019.
             The game lasted 01:30:46 (23969 turns).

MatthieuS the Brawler (Troll Fighter)              Turns: 23969, Time: 01:30:46

Health: -13/158    AC: 16    Str: 30    XL:     16   Next: 21%
Magic:  2/22       EV: 14    Int:  7    God:    Qazlal [*****.]
Gold:   1178       SH:  0    Dex:  9    Spells: 11/15 levels left

rFire    + . .     SeeInvis +     - Unarmed
rCold    + . .     Gourm    +   Q - +4 shield "Ritotub" {rC+}
rNeg     . . .     Faith    .   S - +3 troll leather armour
rPois    .         Spirit   .   a - +2 hat
rElec    .         Reflect  .   E - +1 cloak
rCorr    .         Harm     .   (gloves unavailable)
MR       +....                  (boots unavailable)
Stlth    ..........             g - amulet of rage
HPRegen  1.16/turn              B - ring of protection from fire
MPRegen  0.18/turn              z - ring of see invisible

@: confused, lethally poisoned (-13 -> -50), protected from physical damage,
studying Dodging, repel missiles
A: large, unfitting armour, claws 3, deformed body, fast metabolism 3, gourmand,
mutation resistance 1, regeneration 1, shaggy fur 1, tough skin 3
a: Upheaval, Elemental Force, Disaster Area, Renounce Religion, Evoke Berserk
Rage


You were on level 1 of the Spider Nest.
You worshipped Qazlal.
Qazlal was extremely pleased with you.
You were full.

You visited 5 branches of the dungeon, and saw 25 of its levels.
You also visited: Ossuary.

You collected 2358 gold pieces.
You spent 1180 gold pieces at shops.

Inventory:

Hand Weapons
 m - the +7 trident of Raddi {venom, rPois MR+ Int-4 SInv}
   (You took it off a spriggan on level 2 of the Lair of Beasts)

   It poisons the flesh of those it strikes.
   It affects your intelligence (-4).
   It protects you from poison.
   It affects your resistance to hostile enchantments.
   It lets you see invisible.
Missiles
 f - 30 large rocks (quivered)
 H - 2 silver boomerangs
 K - 3 throwing nets {!f}
Armour
 a - a +2 hat (worn)
   (You found it on level 6 of the Dungeon)
 E - a +1 cloak (worn)
   (You found it on level 7 of the Dungeon)
 Q - the +4 shield "Ritotub" (worn) {rC+}
   (You acquired it on level 15 of the Dungeon)

   It protects you from cold.
 S - a +3 troll leather armour (worn)
   (You found it on level 2 of the Orcish Mines)
Magical Staves
 w - an uncursed staff of power {!a}
   (You found it on level 4 of the Lair of Beasts)
Jewellery
 g - an amulet of rage (around neck)
   (You found it on level 1 of the Dungeon)
 h - an uncursed ring of resist corrosion
   (You found it on level 11 of the Dungeon)
 k - a +4 ring of slaying
   (You bought it in a shop on level 2 of the Orcish Mines)
 z - a ring of see invisible (right claw)
   (You found it on level 6 of the Lair of Beasts)
 B - a ring of protection from fire (left claw)
   (You found it on level 6 of the Dungeon)
 M - an uncursed ring of wizardry
   (You found it on level 6 of the Lair of Beasts)
Wands
 c - a wand of disintegration (21)
   (You found it on level 13 of the Dungeon)
 d - a wand of polymorph (4)
   (You found it on level 4 of the Lair of Beasts)
 t - a wand of flame (59)
   (You found it on level 6 of the Dungeon)
 v - a wand of digging (4)
   (You found it on level 5 of the Dungeon)
 x - a wand of acid (3)
   (You found it on level 2 of the Orcish Mines)
Scrolls
 j - 18 scrolls of remove curse {@r2}
 n - 7 scrolls of amnesia
 p - 12 scrolls of teleportation {@r4}
 s - 3 scrolls of fear
 u - 2 scrolls of fog
 y - 5 scrolls of holy word
 A - 4 scrolls of enchant weapon
 F - 2 scrolls of immolation {!r}
 I - 3 scrolls of magic mapping
 O - a scroll of blinking
 P - 2 scrolls of identify {@r1}
Potions
 i - 8 potions of haste {@q3}
 l - 4 potions of curing {@q1}
 o - 7 potions of lignification {!q}
 q - a potion of resistance
 r - 3 potions of magic
 C - a potion of mutation {!q}
 G - a potion of flight
 L - a potion of cancellation
 N - a potion of might
 R - a potion of heal wounds {@q2}
Books
 J - a manual of Dodging {!d}
   (You found it on level 4 of the Lair of Beasts)
Miscellaneous
 D - a lightning rod (4/4) {!a}
   (You found it on level 2 of the Lair of Beasts)
Comestibles
 e - 48 rations


   Skills:
 + Level 10.3 Fighting
 + Level 0.5 Polearms
 - Level 2.2 Throwing
 + Level 10.6 Dodging
 + Level 10.2 Shields
 * Level 15.9 Unarmed Combat
 + Level 0.4 Spellcasting
 + Level 2.1 Charms
 + Level 2.3 Translocations
 + Level 2.1 Air Magic
 + Level 10.5 Invocations
 - Level 5.0 Evocations


You had 11 spell levels left.
You knew the following spells:

 Your Spells              Type           Power        Failure   Level  Hunger
b - Blink                 Tloc           N/A          28%         2    ###....
s - Swiftness             Chrm/Air       #.......     30%         2    ###....

Your spell library contained the following spells:

 Spells                   Type           Power        Failure   Level  Hunger
 Apportation              Tloc           #.....       19%         1    ##.....
 Shock                    Conj/Air       #...         32%         1    ##.....
 Poisonous Vapours        Pois/Air       #.....       43%         2    ###....
 Freeze                   Ice            #...         45%         1    ##.....
 Magic Dart               Conj           #...         45%         1    ##.....
 Summon Butterflies       Summ           #.......     45%         1    ##.....
 Summon Small Mammal      Summ           #...         45%         1    ##.....
 Lesser Beckoning         Tloc           #.........   50%         3    ####...
 Call Imp                 Summ           #.......     58%         2    ###....
 Slow                     Hex            #.......     58%         2    ###....
 Throw Frost              Conj/Ice       #.....       58%         2    ###....
 Ozocubu's Armour         Chrm/Ice       #.......     67%         3    ####...
 Static Discharge         Conj/Air       #.......     67%         3    ####...
 Mephitic Cloud           Conj/Pois/Air  #.......     73%         3    ####...
 Call Canine Familiar     Summ           #.......     83%         3    ####...
 Conjure Flame            Conj/Fire      #.......     83%         3    ####...
 Summon Guardian Golem    Hex/Summ       #.......     83%         3    ####...
 Tukima's Dance           Hex            #.......     83%         3    ####...
 Airstrike                Air            #.........   90%         4    #####..
 Summon Lightning Spire   Summ/Air       #.......     97%         4    #####..
 Cause Fear               Hex            #.........   99%         4    #####..
 Summon Ice Beast         Ice/Summ       #.......     99%         4    #####..
 Throw Icicle             Conj/Ice       #.......     99%         4    #####..
 Alistair's Intoxication  Tmut/Pois      #.......     100%        5    ######.
 Lightning Bolt           Conj/Air       #.........   100%        5    ######.
 Silence                  Hex/Air        #.........   100%        5    ######.
 Yara's Violent Unravell  Hex/Tmut       #.........   100%        5    ######.
 Deflect Missiles         Chrm/Air       #.........   100%        6    #######
 Freezing Cloud           Conj/Ice/Air   #.........   100%        6    #######
 Invisibility             Hex            #.......     100%        6    #######
 Ring of Flames           Chrm/Fire      #.........   100%        7    #######
 Discord                  Hex            #.........   100%        8    #######


Dungeon Overview and Level Annotations

Branches:
Dungeon (15/15)            Temple (1/1) D:4            Lair (6/6) D:8
 Shoals (0/4) Lair:4       Spider (1/4) Lair:3        Slime (0/5) Lair:5
    Orc (2/2) D:10            Elf (0/3) Orc:2        Vaults (0/5) D:13
 Depths (0/5) D:15

Altars:
Ashenzari
Cheibriados
Dithmenos
Elyvilon
Fedhas
Gozag
Hepliaklqana
Kikubaaqudgha
Makhleb
Nemelex Xobeh
Okawaru
Qazlal
Ru
Sif Muna
Trog
Uskayaw
Vehumet
Wu Jian
Xom
Yredelemnul
Zin
The Shining One
Beogh

Shops:
D:4 %   D:11 *   D:15 ?   Orc:2 =[[%(

Annotations:
D:9 1 exclusion
Lair:5 exclusion: 6 oklob plants


Innate Abilities, Weirdness & Mutations

You are too large for most types of armour.
You have claws for hands.
Your metabolism is lightning-fast.
You like to eat raw meat.
Your natural rate of healing is unusually fast.
You are covered in fur. (AC +1)
You have extremely tough skin. (AC +3)
Armour fits poorly on your strangely shaped body.
You are somewhat resistant to further mutation.


Message History

The demonic crawler is struck by lightning.
The tarantella bites you but does no damage.
The wolf spider misses you. The wolf spider closely misses you.
The tarantella bites you but does no damage.
You hear an angry buzzing noise.
You hear an angry hiss.
You hear an angry buzzing noise.
You hear an angry hiss. x5
You feel very sick. The tarantella misses you.
The wolf spider is engulfed in blazing flames.
The wolf spider hits you!
* * * LOW HITPOINT WARNING * * *
The wolf spider bites you!
* * * LOW HITPOINT WARNING * * *
You are more poisoned.
The wolf spider poisons you!
The redback bites you but does no damage.
The wolf spider closely misses you. x2; The wolf spider hits you.
* * * LOW HITPOINT WARNING * * *
The wolf spider bites you but does no damage.
The wolf spider hits you but does no damage.
The wolf spider barely misses you.
The tarantella bites you but does no damage.
The tarantella bites you!
* * * LOW HITPOINT WARNING * * *
You are more confused.
The redback is struck by lightning.
The tarantella closely misses you.
The wolf spider is engulfed in blazing flames.
The wolf spider hits you!
* * * LOW HITPOINT WARNING * * *
You feel more protected from physical attacks.
The wolf spider bites you.
* * * LOW HITPOINT WARNING * * *
The wolf spider hits you!
* * * LOW HITPOINT WARNING * * *
You feel more protected from physical attacks.
The wolf spider bites you.
* * * LOW HITPOINT WARNING * * *
The wolf spider hits you but does no damage.
The wolf spider misses you.
You hear an angry buzzing noise.
You hear a hideous shriek!
You hear an angry hiss.
You hear a hideous shriek!
You hear an angry hiss. x2
In your confused state, you trip and fall back down the stairs.
* * * LOW HITPOINT WARNING * * *
* * * LOW HITPOINT WARNING * * *
You feel very sick.
You hear an angry hiss.
The tarantella misses you. The wolf spider hits you!
* * * LOW HITPOINT WARNING * * *
The wolf spider misses you. The tarantella bites you!
You die...

..#... ...##
.#..^#. ....##
.......#.....##
. ..$.........#
............#..
.^..#°ss.☼.....
#....sss......
#s@ss.....
#.○sss°...#(
......s☼s#.....
........s. ..#.
###........ ...
##........ ..
##.s#...s. .
##. ..#...


You could see 2 demonic crawlers, 6 wolf spiders, 6 tarantellas and 2 redbacks.

Vanquished Creatures
  Rupert (D:13)
  Kirke (Lair:4)
  2 orc warlords (Orc:1)
  A ghost moth (Spider:1)
  The ghost of Huacs the Severer, a journeyman MiBe of Trog (Lair:4)
  A stone giant (Orc:1)
  The ghost of Wombat the Cleaver, a journeyman HOFi of the Shining One (D:13)
  2 ettins
  The ghost of skewfiend the Thaumaturge, a journeyman DEEE of Vehumet (Lair:2)
  An ice dragon (Lair:6)
  3 hydras
  4 centaur warriors
  12 two-headed ogres
  An anaconda (Lair:4)
  3 ogre magi
  A death knight (D:12)
  A death yak (Lair:5)
  5 tengu warriors (D:13)
  2 spriggans (Lair:2)
  Urug (D:13)
  A deep elf knight (Orc:1)
  2 orc high priests (Orc:1)
  2 unseen horrors
  4 orc knights
  2 deep trolls (Orc:2)
  2 lindwurms (Lair:6)
  2 wizards (D:15)
  6 deep elf magi
  A necromancer (Lair:3)
  An orb spider (Lair:3)
  3 ugly things
  7 orc sorcerers
  8 slime creatures
  6 manticores
  A moth of wrath (Spider:1)
  5 cyclopes
  3 elephants (Lair:6)
  A centaur zombie (D:14)
  A naga mage (D:15)
  12 spiny frogs
  4 black mambas
  7 torpor snails
  6 rime drakes
  9 komodo dragons
  An efreet (D:15)
  A yaktaur (D:14)
  A freezing wraith (D:13)
  A tengu conjurer (D:15)
  8 polar bears (Lair:6)
  3 tyrant leeches (Lair:6)
  12 trolls
  9 hornets
  5 meliai
  3 basilisks
  6 raiju (Lair:6)
  4 hippogriffs
  9 blink frogs
  15 dream sheep
  A redback (Spider:1)
  35 yaks
  A wraith (D:14)
  3 wyverns
  5 hogs
  17 humans
  2 steam dragons (D:5)
  4 vampire mosquitoes
  6 wargs
  An acid dragon (D:7)
  10 hell hounds (Lair:6)
  11 water moccasins
  12 porcupines
  13 black bears
  34 orc warriors
  2 hornet zombies
  3 ice beasts
  6 phantoms
  6 sky beasts
  A boggart (Lair:2)
  27 ogres
  31 wolves
  14 centaurs
  13 crocodiles
  3 big kobolds
  14 bullfrogs
  A gnoll sergeant (D:11)
  2 water moccasin zombies (Ossuary)
  3 scorpions
  2 water moccasin skeletons
  10 killer bees
  14 wights
  4 electric eels
  7 crimson imps
  A bullfrog zombie (D:6)
  3 hounds
  13 orc priests
  4 jellies
  A bullfrog skeleton (D:10)
  6 centaur skeletons
  6 iguanas
  4 worker ants
  20 orc wizards
  4 yak simulacra (Lair:3)
  3 polar bear simulacra (Lair:3)
  4 wolf simulacra (Lair:3)
  A big kobold zombie (Ossuary)
  2 hound skeletons
  3 mummies
  3 worker ant zombies
  3 howler monkey skeletons
  8 gnolls
  11 adders
  3 shadow imps
  4 oozes
  2 adder skeletons
  5 adder zombies (Ossuary)
  3 worms
  A dart slug (D:2)
  4 leopard geckos
  81 orcs
  A ball python (D:3)
  6 giant cockroaches
  6 goblins
  6 hobgoblins
  3 quokkas
  7 bats
  6 frilled lizards
  2 gnoll zombies (Ossuary)
  5 hobgoblin zombies (Ossuary)
  24 kobolds
  7 kobold zombies
  7 orc zombies
  12 rats
832 creatures vanquished.

Vanquished Creatures (collateral kills)
  Harold (Lair:1)
  5 hydras
  A skeletal warrior (D:9)
  A wizard (D:14)
  A spiny frog (Lair:5)
  A troll (D:14)
  A meliai (D:14)
  A polar bear (Lair:6)
  2 blink frogs
  A redback (Spider:1)
  A tarantella (Spider:1)
  A wyvern (Lair:3)
  A water moccasin (Lair:3)
  A porcupine (Lair:1)
  A hell hound (Lair:6)
  A black bear (Lair:6)
  An ogre (Orc:2)
  A crocodile (Lair:3)
  A big kobold (D:8)
  A bullfrog (D:8)
  3 orc priests
  4 orcs
  2 jackals (D:8)
  2 kobolds (D:8)
  A fungus (Lair:5)
37 creatures vanquished.

Vanquished Creatures (others)
  2 humans (Lair:4)
  A crocodile (Lair:4)
  2 killer bees (D:10)
  An orc wizard (D:9)
  2 worker ants (Lair:4)
  An orc (D:9)
  10 fungi
  44 plants
63 creatures vanquished.

Grand Total: 932 creatures vanquished

Notes
Turn   | Place    | Note
-------+----------+-------------------------------------------
     0 | D:1      | MatthieuS the Troll Fighter began the quest for the Orb.
     0 | D:1      | Reached XP level 1. HP: 22/22 MP: 0/0
   102 | D:1      | Reached XP level 2. HP: 29/29 MP: 1/1
   754 | D:2      | Reached XP level 3. HP: 28/36 MP: 2/2
   804 | D:2      | Reached skill level 3 in Unarmed Combat
  1015 | D:2      | Reached XP level 4. HP: 44/44 MP: 3/3
  1295 | D:2      | Found a faded altar of an unknown god.
  1619 | D:3      | Reached XP level 5. HP: 53/53 MP: 4/4
  1787 | D:3      | Noticed a sky beast
  1871 | D:3      | Killed a sky beast
  1871 | D:3      | Reached skill level 4 in Unarmed Combat
  1871 | D:3      | Reached XP level 6. HP: 23/61 MP: 5/5
  2115 | D:3      | Found a blossoming altar of Fedhas.
  2481 | D:4      | Found Muxett's Food Boutique.
  2599 | D:4      | Found a staircase to the Ecumenical Temple.
  2701 | Temple   | Entered the Ecumenical Temple
  2946 | Temple   | Became a worshipper of Qazlal Stormbringer
  3109 | D:5      | Entered Level 5 of the Dungeon
  3178 | D:5      | Found a sand-covered staircase.
  3188 | Ossuary  | Entered an ossuary
  3417 | Ossuary  | Reached skill level 5 in Unarmed Combat
  3417 | Ossuary  | Reached skill level 1 in Invocations
  3417 | Ossuary  | Reached XP level 7. HP: 62/67 MP: 6/6
  3445 | Ossuary  | Reached * piety under Qazlal
  3691 | D:5      | Noticed a steam dragon
  3691 | D:5      | Noticed a steam dragon
  3709 | D:5      | Killed a steam dragon
  3715 | D:5      | Killed a steam dragon
  4125 | D:6      | Reached skill level 1 in Evocations
  4169 | D:6      | Reached XP level 8. HP: 78/78 MP: 8/8
  4293 | D:6      | Reached skill level 6 in Unarmed Combat
  4431 | D:6      | Found a stormy altar of Qazlal.
  4783 | D:6      | Reached ** piety under Qazlal
  4906 | D:6      | Reached skill level 7 in Unarmed Combat
  4908 | D:6      | Reached XP level 9. HP: 62/85 MP: 10/10
  5245 | D:7      | Reached skill level 5 in Shields
  5274 | D:7      | Reached skill level 5 in Fighting
  5274 | D:7      | Reached skill level 5 in Dodging
  5413 | D:7      | Reached *** piety under Qazlal
  5415 | D:7      | Reached skill level 8 in Unarmed Combat
  5572 | D:7      | Got a pitted sapphire amulet
  5573 | D:7      | Identified the amulet "Juvit" {Harm *Drain +Inv rC++ MR-
                  | Dex+8} (You found it on level 7 of the Dungeon)
  5851 | D:8      | Reached XP level 10. HP: 96/96 MP: 12/12
  6055 | D:8      | Found a staircase to the Lair.
  6437 | D:9      | Reached **** piety under Qazlal
  6727 | D:9      | Reached skill level 9 in Unarmed Combat
  6838 | D:9      | Reached skill level 5 in Invocations
  7019 | D:9      | Noticed a skeletal warrior
  7026 | D:9      | Killed a skeletal warrior
  7096 | D:9      | Identified the +3 buckler "Ethrit" {Str+2}
  7378 | D:10     | Entered Level 10 of the Dungeon
  7813 | D:10     | Found a staircase to the Orcish Mines.
  7887 | D:10     | Killed an unseen horror
  7887 | D:10     | Reached XP level 11. HP: 68/105 MP: 14/14
  7994 | D:10     | Reached skill level 10 in Unarmed Combat
  8261 | Lair:1   | Entered Level 1 of the Lair of Beasts
  8270 | Lair:1   | You fall through a shaft!
  8333 | Lair:2   | Reached ***** piety under Qazlal
  8686 | Lair:1   | Noticed Harold
  8708 | Lair:1   | Killed Harold
  9620 | Lair:2   | Found a runed translucent door.
  9620 | Lair:2   | Identified the +7 trident of Raddi {venom, rPois MR+ Int-4
                  | SInv}
  9620 | Lair:2   | Noticed a spriggan rider
  9624 | Lair:2   | Noticed skewfiend's ghost (journeyman DEEE)
 10014 | Lair:3   | Reached skill level 11 in Unarmed Combat
 10067 | Lair:3   | Noticed a five-headed hydra
 10089 | Lair:3   | Killed a five-headed hydra
 10091 | Lair:3   | Reached XP level 12. HP: 89/115 MP: 4/15
 10611 | Lair:3   | Found a hole to the Spider Nest.
 10660 | Lair:3   | Noticed an eight-headed hydra
 10685 | Lair:3   | Killed an eight-headed hydra
 10707 | Lair:3   | Gained mutation: Armour fits poorly on your strangely
                  | shaped body. [potion of mutation]
 10707 | Lair:3   | Gained mutation: You are somewhat resistant to further
                  | mutation. [potion of mutation]
 11023 | Lair:4   | Found a staircase to the Shoals.
 11130 | Lair:4   | Noticed an anaconda
 11130 | Lair:4   | Noticed Huacs's ghost (journeyman MiBe)
 11132 | Lair:4   | Found a transporter.
 11158 | Lair:4   | Noticed Kirke
 11169 | Lair:4   | Killed Kirke
 11309 | Lair:4   | Reached skill level 5 in Evocations
 11491 | Lair:4   | Found a transporter.
 11700 | Lair:4   | Reached skill level 12 in Unarmed Combat
 12491 | Lair:5   | Noticed a death yak
 12492 | Lair:5   | Reached XP level 13. HP: 127/127 MP: 17/17
 12670 | Lair:5   | Found a staircase to the Slime Pits.
 12932 | Lair:6   | Entered Level 6 of the Lair of Beasts
 13525 | Lair:6   | Reached skill level 13 in Unarmed Combat
 14812 | Lair:6   | Reached XP level 14. HP: 131/137 MP: 19/19
 15038 | Lair:6   | Paralysed by a hornet for 2 turns
 15175 | Lair:6   | Found a runed translucent door.
 15511 | Lair:6   | Paralysed by a hornet for 1 turns
 15631 | Lair:6   | Reached skill level 14 in Unarmed Combat
 15903 | D:8      | Upgraded the game from 0.24-a0-291-g79c1ce7 to
                  | 0.24-a0-307-gf989941
 15997 | Orc:1    | Entered Level 1 of the Orcish Mines
 16258 | Orc:1    | Identified the +8 chain mail of Duck's Teeth {+Blink rCorr}
 16360 | Orc:1    | Noticed an orc warlord
 16376 | Orc:1    | Killed an orc warlord
 16678 | Orc:2    | Entered Level 2 of the Orcish Mines
 16701 | Orc:2    | Noticed Nessos
 16702 | Orc:2    | Noticed Nessos
 16702 | Orc:2    | Nessos changed into Nessos the cyclops
 16708 | Orc:2    | Killed Nessos the cyclops
 16923 | Orc:2    | Found Funya's Jewellery Shop.
 16986 | Orc:2    | Found Qaestro's Food Emporium.
 16986 | Orc:2    | Found Gourph's Antique Armour Shoppe.
 16988 | Orc:2    | Found Fuinumei's Weapon Boutique.
 16988 | Orc:2    | Found Xiess's Antique Armour Emporium.
 17005 | Orc:2    | Found a staircase to the Elven Halls.
 17677 | Orc:2    | Reached XP level 15. HP: 142/148 MP: 21/21
 17709 | Orc:2    | Bought a ration for 50 gold pieces
 18065 | Orc:2    | Bought a +4 ring of slaying for 858 gold pieces
 18141 | Orc:1    | Noticed an orc warlord
 18158 | Orc:1    | Killed an orc warlord
 18228 | Orc:1    | Reached skill level 15 in Unarmed Combat
 18357 | Orc:1    | Identified the +8 rapier "Laoheot" {venom, Str+4}
 18589 | Orc:1    | Found a roughly hewn altar of Beogh.
 18589 | Orc:1    | Found a transporter.
 18632 | Orc:1    | Found a transporter.
 18663 | Orc:1    | Reached skill level 1 in Throwing
 19239 | D:11     | Found Hacub's General Store.
 19242 | D:11     | Bought a scroll of teleportation for 45 gold pieces
 19242 | D:11     | Bought a scroll of identify for 30 gold pieces
 19242 | D:11     | Bought a scroll of identify for 30 gold pieces
 19242 | D:11     | Bought a scroll of enchant armour for 112 gold pieces
 19424 | Lair:2   | Killed skewfiend's ghost
 19437 | Lair:2   | HP: 7/149 [poisoned by a spriggan rider]
 19702 | Lair:4   | Killed Huacs's ghost
 19948 | D:12     | Reached skill level 10 in Invocations
 20338 | D:12     | Learned a level 2 spell: Swiftness
 20434 | D:12     | Learned a level 2 spell: Blink
 20822 | D:11     | Found a bloodstained altar of Trog.
 20828 | D:11     | Reached skill level 10 in Dodging
 21091 | D:13     | Found a gate to the Vaults.
 21091 | D:13     | Noticed Rupert
 21091 | D:13     | Noticed Urug
 21116 | D:13     | Killed Rupert
 21130 | D:13     | Reached skill level 10 in Fighting
 21174 | D:13     | Killed Urug
 21174 | D:13     | Reached skill level 1 in Translocations
 21278 | D:13     | Reached skill level 1 in Air Magic
 21321 | D:13     | Reached skill level 1 in Charms
 21356 | D:13     | Reached skill level 10 in Shields
 21566 | D:13     | Found an opulent altar of Gozag.
 21797 | D:13     | Found a large runed translucent door.
 21798 | D:13     | Found a large runed translucent door.
 21798 | D:13     | Noticed Wombat's ghost (journeyman HOFi)
 21908 | D:13     | Killed Wombat's ghost
 21908 | D:13     | Reached ****** piety under Qazlal
 22445 | D:14     | Got a twisted robe
 22447 | D:14     | Identified the +0 robe of the Hot Ocelot {rN+ Slay+2} (You
                  | found it on level 14 of the Dungeon)
 22655 | D:14     | Reached XP level 16. HP: 156/158 MP: 22/22
 22884 | D:15     | Entered Level 15 of the Dungeon
 23269 | D:15     | Found a staircase to the Depths.
 23567 | D:15     | Found Tuobudou's Magic Scroll Emporium.
 23578 | D:15     | Bought a scroll of teleportation for 33 gold pieces
 23578 | D:15     | Bought a scroll of identify for 22 gold pieces
 23734 | D:15     | Identified a scroll of acquirement
 23741 | D:15     | Got a transparent shield
 23752 | D:15     | Identified the +4 shield "Ritotub" {rC+} (You acquired it
                  | on level 15 of the Dungeon)
 23952 | Spider:1 | Entered Level 1 of the Spider Nest
 23969 | Spider:1 | HP: 2/158 [wolf spider (17)]
 23969 | Spider:1 | Mangled by a tarantella

Levels and vault maps discovered:
D:1:      kennysheep_arrival_seaside, layout_basic
D:2:      layout_rooms, first_ration, chequers_ecumenical_altar_grove
D:3:      layout_loops_ring, fedhas_altar_4
D:4:      layout_cave_pools, temple_hall, serial_shops, shop
D:5:      kennysheep_steamy, layout_cave_pools,
          lightli_ossuary_entry_decrepit_ruins, minmay_misc_feat_pillars,
          small_statue_intersection, minmay_mini_ossuary
D:6:      layout_loops_ring, basic_altar, kennysheep_crisscross,
          palyth_stone_intersect, minmay_liquid_box, grunt_ministairs_2
D:7:      minmay_blocky_corners, layout_cave_pools, grunt_potential
D:8:      layout_loops_ring, lair_entry_dummy
D:9:      cheibrodos_two_vegetables, layout_cave_pools
D:10:     layout_roguey, david_orc_4, grunt_livestock
D:11:     layout_long_grid, serial_shops, nicolae_shop_behind_doors,
          kennysheep_diamond, minmay_misc_feat_room,
          chequers_serial_rivers_micro_b
D:12:     layout_cave_pools
D:13:     layout_loops_cross, david_vaults_3, ebering_ghost_disaster_area,
          st_stairs_6, grunt_gozag_statues
D:14:     layout_cave_pools, chequers_serial_rivers_small_b,
          lemuel_old_faithful, uniq_rupert
D:15:     grunt_enter_depths_magical_seal, layout_long_grid,
          minmay_crystal_room, serial_shops, shop
Temple:   roderic_octagonal_lattice_temple
Lair:1:   layout_loops_ring, gauntlet_entry_generic, uniq_harold
Lair:2:   layout_regular_city, ebering_ghost_funeral_grove,
          cheibrodos_lair_caveside_slide, grunt_megastairs_5
Lair:3:   layout_loops_ring, nicolae_spider_entry_orb_guardian, st_stairs_3,
          eino_house_with_fridge
Lair:4:   layout_gridlike, minmay_shoals_entry_beasts, gammafunk_ghost_arena,
          fungi_pond_lemuel, zaba_anthole, uniq_kirke
Lair:5:   layout_regular_city, minmay_slime_entry_oklob_enclosed,
          minmay_shattered_shrine, minmay_lair_oklob_chamber
Lair:6:   wormcave, layout_cave_pods, hangedman_lair_caniforms_friends,
          grunt_megastairs_3
Spider:1: cheibrodos_forgotten_conduit, uniq_louise
Orc:1:    gammafunk_beogh_shrine, layout_caves, elf_legates
Orc:2:    st_orc_open, layout_caves, serial_shops, shop_statue, uniq_nessos

Skill      XL: |  1  2  3  4  5  6  7  8  9 10 11 12 13 14 15 16 |
---------------+-------------------------------------------------+-----
Unarmed Combat | 3 4 5 7 8 9 11 12 13 14 15 | 15.9
Fighting       | 3 4 5 6 7 8 9 10 | 10.3
Dodging        | 3 4 5 6 7 8 9 10 | 10.6
Shields        | 3 4 5 6 7 8 9 10 | 10.2
Invocations    | 1 2 3 4 5 6 7 8 9 10 | 10.5
Evocations     | 1 2 3 4 5 |  5.0
Throwing       | 2 |  2.2
Translocations | 1 2 |  2.3
Air Magic      | 1 2 |  2.1
Charms         | 1 2 |  2.1
Polearms       | |  0.5
Spellcasting   | |  0.4

Action                   |  1- 3 |  4- 6 |  7- 9 | 10-12 | 13-15 | 16-18 || total
-------------------------+-------+-------+-------+-------+-------+-------++-------
Melee: Unarmed           |   114 |   199 |   308 |   644 |  1213 |    91 ||  2569
       Trident           |       |       |       |       |       |     5 ||     5
Throw: Large rock        |       |       |     9 |     1 |       |     3 ||    13
Invok: Elemental Force   |       |       |       |     6 |    12 |     3 ||    21
       Upheaval          |       |       |       |       |     1 |       ||     1
       Disaster Area     |       |       |       |       |     1 |       ||     1
 Abil: Evoke Berserk Rag |       |       |       |     3 |    13 |       ||    16
Evoke: Wand              |       |       |     9 |    26 |    13 |       ||    48
       Box of beasts     |       |       |       |     1 |     3 |       ||     4
  Use: Scroll            |       |     7 |    10 |     8 |    22 |     2 ||    49
       Potion            |       |       |     2 |     7 |    21 |       ||    30
 Stab: Paralysed         |       |       |     7 |     4 |       |       ||    11
       Distracted        |       |       |       |       |       |     1 ||     1
  Eat: Chunk             |    15 |    15 |    23 |    64 |   103 |    12 ||   232
       Ration            |       |       |     2 |       |       |       ||     2
Armor: Robe              |    34 |    70 |     5 |       |       |       ||   109
       Steam dragon scal |       |       |    74 |    94 |   105 |       ||   273
       Troll leather arm |       |       |       |       |   100 |    42 ||   142
Dodge: Dodged            |    29 |    57 |    73 |   143 |   413 |    57 ||   772
       Deflected         |       |       |       |     5 |     8 |     3 ||    16
Block: Shield            |    52 |    78 |   160 |   470 |  1019 |   113 ||  1892

Table legend:
 A = Non-vault XP
 B = Vault XP
 C = Vault XP percentage of total XP
 D = Non-vault monster count
 E = Vault monster count
 F = Vault count percentage of total count
                 A         B        C        D         E       F
            +---------+---------+-------+---------+---------+-------
      Total |   83129 |   83421 |  50.1 |     556 |     312 |  35.9
            +---------+---------+-------+---------+---------+-------
        D:1 |      38 |       0 |   0.0 |      19 |       0 |   0.0
        D:2 |     108 |       0 |   0.0 |      27 |       0 |   0.0
        D:3 |     309 |       0 |   0.0 |      22 |       0 |   0.0
        D:4 |      42 |       0 |   0.0 |       5 |       0 |   0.0
        D:5 |     102 |     384 |  79.0 |       3 |       7 |  70.0
        D:6 |    1222 |     110 |   8.3 |      28 |       1 |   3.4
        D:7 |    1695 |     771 |  31.3 |      20 |      22 |  52.4
        D:8 |     799 |       0 |   0.0 |      18 |       0 |   0.0
        D:9 |    2083 |     551 |  20.9 |      41 |       5 |  10.9
       D:10 |    5177 |    1738 |  25.1 |      34 |      19 |  35.8
       D:11 |    4413 |     686 |  13.5 |      28 |       3 |   9.7
       D:12 |    2623 |       0 |   0.0 |      16 |       0 |   0.0
       D:13 |   12752 |    9534 |  42.8 |      50 |      23 |  31.5
       D:14 |    6566 |       0 |   0.0 |      26 |       0 |   0.0
       D:15 |    5702 |    5217 |  47.8 |      13 |       9 |  40.9
     Lair:1 |    1922 |     897 |  31.8 |      15 |       1 |   6.2
     Lair:2 |    3101 |    2661 |  46.2 |      14 |       6 |  30.0
     Lair:3 |    6560 |    1548 |  19.1 |      26 |      13 |  33.3
     Lair:4 |    3144 |    6123 |  66.1 |      15 |      12 |  44.4
     Lair:5 |    5620 |    6939 |  55.3 |      24 |      22 |  47.8
     Lair:6 |    9344 |   18926 |  66.9 |      42 |      80 |  65.6
   Spider:1 |    2177 |       0 |   0.0 |       5 |       0 |   0.0
      Orc:1 |    5237 |   11456 |  68.6 |      51 |      24 |  32.0
      Orc:2 |    2393 |   15611 |  86.7 |      14 |      38 |  73.1
    Ossuary |       0 |     269 | 100.0 |       0 |      27 | 100.0
            +---------+---------+-------+---------+---------+-------
